[Event "I. Hungarian E-mail Final"]
[Site "E4EC"]
[Date "2003.12.15"]
[Round "1"]
[White "Fenyvesi, Miklós"]
[Black "Schulle, József"]
[Board "1770"]
[TimeControl "10/50"]
[WhiteElo "1800"]
[BlackElo "2166"]
[WhiteCountry "HUN"]
[BlackCountry "ROM"]
[Result "1-0"]

1.e4 c6 2.d4 d5 3.Nc3 dxe4 4.Nxe4 Bf5 5.Ng3 Bg6 6.h4 h6 7.N1e2 e6
8.Nf4 Bh7 9.Bc4 Nf6 10.O-O Bd6 11.Nxe6 fxe6 12.Bxe6 Qc7 13.Nh5 Rf8
14.Re1 Ne4 15.Rxe4 Bxe4 16.Qe2 Bh7 17.Bg8+ Kd8 18.Bxh7 Qf7 19.Bd3 Nd7
20.c4 Kc8 21.c5 Bc7 22.Bc4 Qg6 23.b4 a6 24.a4 Rf5 25.g4 Rf8 26.Qe6 Qc2
27.Be3 g5 28.Rc1 Qb2 29.Bd3 Rxf2 30.Qe8+ Bd8 31.Bxf2 Qxc1+ 32.Kg2 gxh4
33.Bf5 h3+ 34.Kh2 Kb8 35.Qxd8+ Ka7 36.Qxd7 Qf1 37.Be4 Qxf2+
38.Kxh3 Rf8 39.Ng3 Rf7 40.Qe6 Rf6 41.Qe5 Rf7 42.d5 cxd5 43.Qxd5 Rc7
44.Qd6 Qf7 45.c6 Rxc6 46.Bxc6 Qf4 47.b5 1-0

[Event "I. Hungarian E-mail Final"]
[Site "E4EC"]
[Date "2003.12.17"]
[Round "1"]
[White "Fenyvesi, Miklós"]
[Black "Kovács, Arthur"]
[Board "1771"]
[TimeControl "10/50"]
[WhiteElo "1800"]
[BlackElo "2278"]
[WhiteCountry "HUN"]
[BlackCountry "HUN"]
[Result "1/2-1/2"]

1.e4 e5 2.Nf3 Nc6 3.d4 exd4 4.Nxd4 Nf6 5.Nxc6 bxc6 6.e5 Qe7 7.Qe2 Nd5
8.c4 Ba6 9.b3 O-O-O 10.g3 g5 11.Bb2 Bg7 12.Nd2 Nb4 13.Nf3 Rhe8
14.Bh3 c5 15.Bg4 f6 16.Bh5 fxe5 17.Bxe8 Rxe8 18.O-O Bb7 19.Nd2 Nc2
20.Rac1 Nd4 21.Bxd4 cxd4 22.Ne4 Qf7 23.f3 Qg6 24.Rce1 Bf8 25.Qd3 Bb4
26.Re2 Kb8 27.Ra1 Rf8 28.a3 Be7 29.b4 h5 30.Rf1 Qf5 31.c5 Bd5
32.a4 Qe6 33.Nd2 d6 34.Rfe1 Qd7 35.b5 h4 36.c6 Qc8 37.Qh7 Rf7
38.Qg6 Qf8 39.Rf1 hxg3 40.hxg3 Rf6 41.Qd3 Rh6 42.a5 Qh8 43.Kf2 Bd8
44.Ke1 Rh1 45.Ref2 Rh3 46.g4 Qg8 47.Kd1 Qf7 48.Re2 Bf6 1/2-1/2

[Event "I. Hungarian E-mail Final"]
[Site "E4EC"]
[Date "2003.12.17"]
[Round "1"]
[White "Fenyvesi, Miklós"]
[Black "Tímár, Zsolt"]
[Board "1772"]
[TimeControl "10/50"]
[WhiteElo "1800"]
[BlackElo "2385"]
[WhiteCountry "HUN"]
[BlackCountry "HUN"]
[Result "1-0"]

1.e4 c5 2.Nf3 d6 3.d4 cxd4 4.Nxd4 Nf6 5.Nc3 a6 6.Be3 e5 7.Nb3 Be6
8.f3 Nbd7 9.Qd2 Be7 10.g4 h6 11.O-O-O b5 12.h4 Nb6 13.Qf2 Nfd7
14.Kb1 Qc7 15.Nd5 Bxd5 16.exd5 Nc4 17.Bc1 Qb6 18.Qe1 a5 19.Qc3 Qc7
20.Nd2 Nxd2+ 21.Qxd2 Rb8 22.Bd3 b4 23.g5 a4 24.gxh6 gxh6 25.f4 Bf6
26.fxe5 Bxe5 27.Rhf1 a3 28.Qe2 f6 29.Bf4 Kd8 30.Bxe5 Nxe5 31.Qe3 Qg7
32.Qf4 f5 33.Qd4 1-0

[Event "I. Hungarian E-mail Final"]
[Site "E4EC"]
[Date "2003.12.15"]
[Round "1"]
[White "Fenyvesi, Miklós"]
[Black "Molnár, Béla"]
[Board "1773"]
[TimeControl "10/50"]
[WhiteElo "1800"]
[BlackElo "1800"]
[WhiteCountry "HUN"]
[BlackCountry "HUN"]
[Result "1-0"]

1.e4 e6 2.d4 d5 3.Nc3 Bb4 4.e5 c5 5.a3 Bxc3+ 6.bxc3 Ne7 7.Qg4 O-O
8.Bd3 Nbc6 9.Qh5 Ng6 10.Nf3 Qc7 11.Be3 c4 12.Bxg6 fxg6 13.Qg4 Qf7
14.Ng5 Qf5 15.Qe2 Re8 16.h4 h6 17.g4 Qf8 18.Nh3 Bd7 19.h5 Ne7
20.g5 Rec8 21.gxh6 gxh6 22.hxg6 1-0

[Event "I. Hungarian E-mail Final"]
[Site "E4EC"]
[Date "2003.12.15"]
[Round "1"]
[White "Fenyvesi, Miklós"]
[Black "Szenczy, Sándor"]
[Board "1774"]
[TimeControl "10/50"]
[WhiteElo "1800"]
[BlackElo "2046"]
[WhiteCountry "HUN"]
[BlackCountry "HUN"]
[Result "1-0"]

1.e4 d6 2.d4 Nf6 3.Nc3 g6 4.Be3 c6 5.f3 Bg7 6.Qd2 b5 7.h4 h5
8.Bd3 Nbd7 9.Nge2 O-O 10.Bh6 e5 11.O-O-O b4 12.Nb1 c5 13.Bxg7 Kxg7
14.dxc5 Nxc5 15.Qxb4 Qc7 16.Nec3 Rb8 17.Qa3 Be6 18.Be2 Rfc8 19.Rd2 Rb6
20.Rhd1 Ne8 21.b3 Rcb8 22.Kb2 a5 23.Ka1 Rb4 24.Nd5 Bxd5 25.Rxd5 R8b7
26.Qb2 R4b6 27.Nc3 Nf6 28.Bc4 a4 29.R5d2 Rb8 30.Qa3 R8b7 31.Nd5 Nxd5
32.Bxd5 axb3 33.cxb3 Ra7 34.Qb2 Qb8 35.Kb1 Na4 36.Qc1 Rba6 37.Qc4 Ra5
38.Rc1 Rc5 39.Qd3 Rxc1+ 40.Kxc1 Nc5 41.Qe3 Ra3 42.Kb1 Nd7 43.Rd1 Nf6
44.Bc4 Ra8 45.Qd2 Qa7 46.a4 Rd8 47.a5 1-0

[Event "I. Hungarian E-mail Final"]
[Site "E4EC"]
[Date "2003.12.15"]
[Round "1"]
[White "Fenyvesi, Miklós"]
[Black "Nagy, Sándor"]
[Board "1775"]
[TimeControl "10/50"]
[WhiteElo "1800"]
[BlackElo "1800"]
[WhiteCountry "HUN"]
[BlackCountry "HUN"]
[Result "1/2-1/2"]

1.e4 c5 2.d4 cxd4 3.c3 dxc3 4.Nxc3 Nc6 5.Nf3 e6 6.Bc4 a6 7.O-O Nge7
8.Bg5 f6 9.Be3 b5 10.Bb3 Bb7 11.Nd2 Na5 12.Bc2 Ng6 13.f4 Qc7 14.f5 Bc5
15.Bxc5 Qxc5+ 16.Kh1 Ne5 17.Nb3 Nxb3 18.Bxb3 O-O 19.fxe6 dxe6
20.Bxe6+ Kh8 21.Bd5 Rad8 22.Rc1 Rfe8 23.b3 Qe3 24.Re1 Qg5 25.Qe2 Bxd5
26.exd5 Kg8 27.h3 Ng6 28.Qd1 Nh4 29.Rc2 Re5 30.a3 Nf5 31.Rd2 Rde8
32.Rxe5 Rxe5 33.Rd3 Qh4 34.Kh2 Re3 35.Rxe3 Nxe3 36.Qg1 Qd4 37.Ne2 Qe5+
38.Kh1 Nxd5 39.Qa7 Qxe2 40.Qa8+ Kf7 41.Qxd5+ Kg6 42.g4 Qe5 43.Qd3+ Kg5
44.Kg2 g6 45.Qd2+ Qf4 46.Qe1 h5 47.gxh5 Kxh5 48.Qe2+ Kh6 49.Qd3 Qg5+
50.Kf3 Qe5 51.Qc2 Qa1 52.Qc8 Qd1+ 53.Kf2 Qxb3 54.Qf8+ Kg5 55.h4+ Kf5
56.Qc5+ Kg4 57.Qd4+ Kh3 58.Qxf6 Qg3+ 59.Kf1 Qd3+ 60.Kf2 a5 61.Qg5 Qd4+
62.Kf3 Qc3+ 63.Kf2 Qb2+ 64.Ke1 Qxa3 65.h5 Qc3+ 66.Ke2 Qc4+ 67.Kd2 Qb4+
68.Kd3 Qb3+ 69.Ke2 Qc4+ 70.Kd2 Qa2+ 71.Kc1 Qa1+ 72.Kc2 Qa4+
73.Kc1 Qa1+ 1/2-1/2

[Event "I. Hungarian E-mail Final"]
[Site "E4EC"]
[Date "2004.01.24"]
[Round "1"]
[White "Fenyvesi, Miklós"]
[Black "Kiss, István"]
[Board "1776"]
[TimeControl "10/50"]
[WhiteElo "1800"]
[BlackElo "2207"]
[WhiteCountry "HUN"]
[BlackCountry "HUN"]
[Result "0-1"]

1.e4 g6 2.d4 Bg7 3.Nc3 d6 4.Be3 c6 5.Qd2 b5 6.f3 Nd7 7.h4 Ngf6
8.g4 h5 9.g5 Nh7 10.f4 b4 11.Nce2 Qa5 12.Bg2 Nb6 13.b3 c5 14.c4 bxc3
15.Nxc3 cxd4 16.Bxd4 Bxd4 17.Qxd4 O-O 18.Nge2 Bg4 19.O-O Rfe8
20.f5 Rac8 21.Rac1 Nf8 22.Qf2 gxf5 23.exf5 Rc5 24.g6 fxg6 25.fxg6 Rf5
26.Qg3 Qc5+ 27.Kh2 Rxf1 28.Rxf1 Nxg6 29.Be4 Rf8 30.Rxf8+ Nxf8
31.Bf3 Ne6 32.Bxg4 hxg4 33.Qxg4+ Ng7 34.Qf3 Qe5+ 35.Qg3 Qh5 36.Nd4 Kh7
37.Nc6 Nc8 38.Qf4 e5 39.Qf2 Nf5 40.Kh3 Qg6 41.Nxa7 Nce7 42.Qg2 Qe6
43.Qg4 d5 44.Nab5 Qf7 45.Qf3 Qf6 46.Qf2 d4 47.Ne4 Qc6 48.Qe2 Ng6
49.Ng5+ Kg7 50.Kh2 Nfxh4 51.Ne4 Nf5 52.a4 Kf8 53.Na7 Qc7 54.Qc4 Qh7+
55.Kg1 Qh3 56.Qc8+ Kg7 57.Qb7+ Nfe7 58.Nf2 Qh6 59.Qe4 Qg5+ 60.Qg2 Qc1+
61.Kh2 Qh6+ 62.Kg1 Qe3 63.Qh3 Qe1+ 64.Qf1 Qc3 65.Nb5 Qxb3 66.Nd6 Nf4
67.Nfe4 Ned5 68.Nf5+ Kf7 69.Nd2 Qxa4 70.Nd6+ Ke7 71.Nf5+ Kd8 0-1

[Event "I. Hungarian E-mail Final"]
[Site "E4EC"]
[Date "2003.12.14"]
[Round "1"]
[White "Schulle, József"]
[Black "Fogarasi, Norbert"]
[Board "1777"]
[TimeControl "10/50"]
[WhiteElo "2166"]
[BlackElo "1800"]
[WhiteCountry "ROM"]
[BlackCountry "HUN"]
[Result "1/2-1/2"]

1.d4 d5 2.Bf4 Nf6 3.e3 e6 4.Bd3 Bd6 5.Ne2 O-O 6.O-O Nc6 7.Bxd6 Qxd6
8.c3 e5 9.Ng3 Bg4 10.f3 Bd7 11.Qc2 Rfe8 12.Nd2 Re7 13.Nb3 b6 14.Qf2 a5 1/2-1/2

[Event "I. Hungarian E-mail Final"]
[Site "E4EC"]
[Date "2003.12.14"]
[Round "1"]
[White "Schulle, József"]
[Black "Szabó, Zsolt"]
[Board "1778"]
[TimeControl "10/50"]
[WhiteElo "2166"]
[BlackElo "2253"]
[WhiteCountry "ROM"]
[BlackCountry "HUN"]
[Result "0-1"]

1.d4 Nf6 2.c4 g6 3.Nc3 d5 4.Nf3 Bg7 5.Bf4 O-O 6.cxd5 Nxd5 7.Nxd5 Qxd5
8.Bxc7 Nc6 9.e3 Bf5 10.a3 Rac8 11.Bg3 Bc2 12.Qe2 Na5 13.Nd2 e5
14.Qb5 Qxb5 15.Bxb5 exd4 16.e4 d3 17.Bd7 Rcd8 18.Bc7 Rxd7 19.Bxa5 Bxb2
20.Ra2 Bd4 21.Nf3 Re8 22.Nxd4 Rxe4+ 23.Kd2 Rdxd4 24.Re1 Rxe1
25.Kxe1 Re4+ 26.Kf1 Re2 27.Ra1 Ba4 28.Rb1 b6 29.Bb4 Bb5 30.g4 d2
31.Kg2 Ba4 32.Bxd2 Rxd2 33.Re1 Rd3 34.Re3 Rxe3 35.fxe3 Kg7 36.g5 h6
37.gxh6+ Kxh6 38.Kf3 a5 39.Ke4 b5 40.Kd4 b4 41.axb4 axb4 42.Kc4 b3
43.Kc3 f5 44.Kb2 g5 45.Kc1 f4 0-1

[Event "I. Hungarian E-mail Final"]
[Site "E4EC"]
[Date "2003.12.14"]
[Round "1"]
[White "Schulle, József"]
[Black "Száva, Miklós"]
[Board "1779"]
[TimeControl "10/50"]
[WhiteElo "2166"]
[BlackElo "1800"]
[WhiteCountry "ROM"]
[BlackCountry "HUN"]
[Result "1-0"]

1.d4 Nf6 2.c4 g6 3.Nc3 d6 4.e4 Bg7 5.f3 O-O 6.Be3 e5 7.d5 Nh5
8.Qd2 f5 9.O-O-O Nd7 10.exf5 gxf5 11.Bd3 Ndf6 12.Nge2 Bd7 13.Qc2 e4
14.fxe4 Ng4 15.Bg1 Ne5 16.Bd4 Qg5+ 17.Kb1 Rae8 18.Bxe5 Bxe5
19.exf5 Kh8 20.Rdg1 Nf4 21.Nxf4 Qxf4 22.g4 c6 23.Rg2 b5 24.Rf1 Qg5
25.cxb5 cxb5 26.Bxb5 Bxb5 27.Nxb5 Rb8 28.Qd3 Qg7 29.Rc1 a6 30.Rc7 Qf6
31.Nc3 Qd8 32.Rc6 Qh4 33.a3 Rg8 34.h3 Rg7 35.Rxa6 Rgb7 36.Ka2 Qg5
37.Rc2 1-0

[Event "I. Hungarian E-mail Final"]
[Site "E4EC"]
[Date "2003.12.14"]
[Round "1"]
[White "Schulle, József"]
[Black "Farkas, Zsolt"]
[Board "1780"]
[TimeControl "10/50"]
[WhiteElo "2166"]
[BlackElo "2356"]
[WhiteCountry "ROM"]
[BlackCountry "HUN"]
[Result "0-1"]

1.d4 f5 2.Nf3 Nf6 3.Nc3 g6 4.Bf4 Bg7 5.e3 O-O 6.Bd3 d6 7.Qe2 c6
8.O-O Qe8 9.Rae1 Nh5 10.h3 e5 11.dxe5 dxe5 12.Bh2 e4 13.Bc4+ Kh8
14.Nd4 b5 15.Bb3 a5 16.a3 Ba6 17.Qd2 a4 18.Ba2 b4 19.axb4 Bxf1
20.Rxf1 Be5 21.Bxe5+ Qxe5 22.Ra1 Qd6 23.Bc4 Nd7 24.Nxa4 Ne5 25.Qc3 Ng7
26.b3 f4 27.exf4 Nxc4 28.bxc4 Qxf4 29.Qe1 Qf6 30.c3 Nf5 31.Nc2 Qh4
32.c5 Ra7 33.Nb6 Rxa1 34.Qxa1 e3 35.Nxe3 Nxe3 36.fxe3 Qf2+ 37.Kh2 Rf3
38.Nc4 Qg3+ 39.Kg1 Rf2 40.Qa8+ Kg7 41.Qxc6 Re2 42.Qb7+ Kh6 43.Qf3 Re1+
44.Qf1 Rxf1+ 45.Kxf1 Qg5 46.e4 Qf4+ 47.Ke2 Qxe4+ 48.Ne3 Kg5 49.g3 Kf6
50.h4 Ke5 51.h5 gxh5 52.Kd2 Qf3 0-1

[Event "I. Hungarian E-mail Final"]
[Site "E4EC"]
[Date "2003.12.14"]
[Round "1"]
[White "Schulle, József"]
[Black "Laszlo, Imre"]
[Board "1781"]
[TimeControl "10/50"]
[WhiteElo "2166"]
[BlackElo "1800"]
[WhiteCountry "ROM"]
[BlackCountry "HUN"]
[Result "0-1"]

1.d4 d5 2.Bf4 Nf6 3.e3 e6 4.Bd3 Bd6 5.Ne2 O-O 6.O-O Nc6 7.Bxd6 Qxd6
8.c3 e5 9.Ng3 Bg4 10.f3 Bd7 11.Nd2 Rfe8 12.Qc2 Re7 13.Nb3 b6
14.dxe5 Nxe5 15.Nd4 g6 16.Qd2 Nxd3 17.Qxd3 h5 18.Rae1 a6 19.Rf2 h4
20.Nf1 c5 21.Ne2 Bb5 22.Qc2 h3 23.Nf4 hxg2 24.Ng3 Rae8 25.Nxg6 Rxe3
26.Rxe3 Rxe3 27.Nh4 Re5 28.Qd2 Nh7 29.Rxg2 Kh8 30.f4 Re8 31.Nf3 Qe6
32.Ne5 Nf6 33.Qe1 Bd3 34.Qd1 Bg6 35.Re2 Be4 36.c4 Rg8 37.Qxd5 Bxd5 0-1

[Event "I. Hungarian E-mail Final"]
[Site "E4EC"]
[Date "2003.12.17"]
[Round "1"]
[White "Schulle, József"]
[Black "Kerekes, Jozsef"]
[Board "1782"]
[TimeControl "10/50"]
[WhiteElo "2166"]
[BlackElo "2282"]
[WhiteCountry "ROM"]
[BlackCountry "YUG"]
[Result "0-1"]

1.d4 Nf6 2.c4 e6 3.Nc3 Bb4 4.Qc2 c5 5.a3 Bxc3+ 6.Qxc3 cxd4 7.Qxd4 Nc6
8.Qc3 d5 9.Nf3 dxc4 10.Qxc4 e5 11.Bg5 Be6 12.Qb5 a6 13.Qa4 Qb6
14.Bxf6 gxf6 15.b4 e4 16.b5 Qc5 17.Nd2 Qc3 18.Qd1 e3 19.fxe3 Ne5
20.bxa6 Rxa6 21.h3 Qxe3 22.Nf3 Bc4 23.Nxe5 Qg3+ 24.Kd2 fxe5 0-1

[Event "I. Hungarian E-mail Final"]
[Site "E4EC"]
[Date "2003.12.14"]
[Round "1"]
[White "Schulle, József"]
[Black "Darvasi, Ferenc"]
[Board "1783"]
[TimeControl "10/50"]
[WhiteElo "2166"]
[BlackElo "2315"]
[WhiteCountry "ROM"]
[BlackCountry "HUN"]
[Result "1/2-1/2"]

1.d4 Nf6 2.c4 g6 3.Nc3 Bg7 4.e4 d6 5.f3 O-O 6.Be3 c5 7.dxc5 dxc5
8.Qxd8 Rxd8 9.Bxc5 Nc6 10.Nd5 Nd7 11.Bxe7 Nxe7 12.Nxe7+ Kf8
13.Nd5 Bxb2 14.Rb1 Bg7 15.Nh3 b6 16.Be2 Nc5 17.Nhf4 Bd7 18.Nd3 Rac8
19.Nxc5 Rxc5 20.Kf2 Ra5 21.Rhd1 Ba4 22.Rdc1 Bd4+ 23.Kf1 Bc5 1/2-1/2

[Event "I. Hungarian E-mail Final"]
[Site "E4EC"]
[Date "2003.12.15"]
[Round "1"]
[White "Fogarasi, Norbert"]
[Black "Fenyvesi, Miklós"]
[Board "1784"]
[TimeControl "10/50"]
[WhiteElo "1800"]
[BlackElo "1800"]
[WhiteCountry "HUN"]
[BlackCountry "HUN"]
[Result "1/2-1/2"]

1.e4 c5 2.Nc3 Nc6 3.f4 g6 4.Nf3 Bg7 5.Bb5 Nd4 6.O-O Nxb5 7.Nxb5 d6
8.Nc3 Nh6 9.d3 Rb8 10.Qe1 b5 11.f5 Ng8 12.Nd5 Nf6 13.Ne3 Bd7
14.Kh1 Qc7 15.Bd2 b4 16.Qh4 a5 17.a3 Bc6 18.axb4 axb4 19.c3 Bb5
20.c4 Bd7 21.b3 Qb7 22.Rab1 Ra8 23.Bc1 Qc8 24.Bb2 Ra2 25.Rfe1 Bc6
26.Re2 Qd7 27.Rf2 Qa7 28.Kg1 O-O 29.Nd5 Rxb2 30.Rbxb2 Qa1+ 31.Rf1 Qxb2
32.Nxe7+ Kh8 33.Nxc6 gxf5 34.e5 dxe5 35.Ncxe5 Ng4 36.Nxg4 fxg4
37.Qxg4 f5 38.Qh5 Qxb3 39.Ng5 h6 40.Nf7+ Kg8 41.Nxh6+ Bxh6
42.Qxh6 Qxd3 43.Qg6+ Kh8 44.Qh6+ Kg8 45.Qg6+ Kh8 1/2-1/2

[Event "I. Hungarian E-mail Final"]
[Site "E4EC"]
[Date "2003.12.17"]
[Round "1"]
[White "Fogarasi, Norbert"]
[Black "Kovács, Arthur"]
[Board "1785"]
[TimeControl "10/50"]
[WhiteElo "1800"]
[BlackElo "2278"]
[WhiteCountry "HUN"]
[BlackCountry "HUN"]
[Result "0-1"]

1.e4 e5 2.Nc3 Nf6 3.Bc4 Nxe4 4.Qh5 Nd6 5.Bb3 Be7 6.Nf3 Nc6 7.Nxe5 g6
8.Nxc6 dxc6 9.Qa5 O-O 10.O-O Re8 11.d3 Bf6 12.Bf4 b6 13.Qa4 a5
14.Bxd6 b5 15.Qf4 Qxd6 16.Qxd6 cxd6 17.a4 b4 18.Ne4 Be5 19.Rfe1 Bf5
20.Rab1 d5 21.Ng3 Bd7 22.Kf1 h5 23.h3 Bg7 24.Ne2 Bf5 25.Ng3 Rxe1+
26.Kxe1 Re8+ 27.Kd1 Bc8 28.Ne2 Kf8 29.c4 dxc4 30.Bxc4 h4 31.b3 g5
32.f3 Ke7 33.Kd2 c5 34.Re1 Kd8 35.Rh1 Re7 36.f4 Bf6 37.Bd5 Kc7
38.f5 Kd6 39.Ba8 Bxf5 40.Rf1 Ke6 41.Be4 Bxe4 42.dxe4 Rd7+ 43.Kc2 Be5
44.Rf3 f6 45.Rf1 Bd4 46.Nxd4+ Rxd4 47.Rf5 Rxe4 0-1

[Event "I. Hungarian E-mail Final"]
[Site "E4EC"]
[Date "2003.12.17"]
[Round "1"]
[White "Fogarasi, Norbert"]
[Black "Tímár, Zsolt"]
[Board "1786"]
[TimeControl "10/50"]
[WhiteElo "1800"]
[BlackElo "2385"]
[WhiteCountry "HUN"]
[BlackCountry "HUN"]
[Result "1/2-1/2"]

1.d4 Nf6 2.c4 g6 3.Nc3 Bg7 4.e4 d6 5.Nf3 O-O 6.Be2 e5 7.dxe5 dxe5
8.Qxd8 Rxd8 9.Bg5 Re8 10.Nd5 Nxd5 11.cxd5 c6 12.Bc4 cxd5 13.Bxd5 Nd7
14.Nd2 Nc5 15.Nc4 Bf8 16.Rd1 Be6 17.f3 Rac8 18.b3 Bxd5 19.Rxd5 b5
20.Nd6 Bxd6 21.Rxd6 Ne6 22.Be3 Rc2 23.Rd2 Rc1+ 24.Rd1 Rc2 25.Rd2 Rc1+
26.Rd1 Rc2 27.Rd2 1/2-1/2

[Event "I. Hungarian E-mail Final"]
[Site "E4EC"]
[Date "2003.12.06"]
[Round "1"]
[White "Fogarasi, Norbert"]
[Black "Szenczy, Sándor"]
[Board "1788"]
[TimeControl "10/50"]
[WhiteElo "1800"]
[BlackElo "2046"]
[WhiteCountry "HUN"]
[BlackCountry "HUN"]
[Result "1-0"]

1.e4 e6 2.d4 d5 3.e5 c5 4.c3 Nc6 5.Nf3 Qb6 6.Be2 cxd4 7.cxd4 Nh6
8.Bd3 Bd7 9.Bc2 Nf5 10.Bxf5 exf5 11.Nc3 Be6 12.O-O h6 13.Na4 Qa6
14.a3 Be7 15.b4 b6 16.Rb1 Qb5 17.Nc3 Qc4 18.Ne2 Nd8 19.Bd2 O-O
20.Rc1 Qa6 21.Nf4 g5 22.Nh5 f4 23.Nf6+ Bxf6 24.exf6 Qd3 25.Ne5 Qf5
26.b5 Qxf6 27.Bb4 Re8 28.Re1 Nb7 29.Rc7 Nd8 30.Qa4 Qf5 31.Rxa7 1-0

[Event "I. Hungarian E-mail Final"]
[Site "E4EC"]
[Date "2003.12.06"]
[Round "1"]
[White "Fogarasi, Norbert"]
[Black "Nagy, Sándor"]
[Board "1789"]
[TimeControl "10/50"]
[WhiteElo "1800"]
[BlackElo "1800"]
[WhiteCountry "HUN"]
[BlackCountry "HUN"]
[Result "1/2-1/2"]

1.e4 c5 2.Nf3 d6 3.d4 cxd4 4.Nxd4 Nf6 5.Nc3 a6 6.Be2 e5 7.Nb3 Be7
8.O-O O-O 9.Kh1 Qc7 10.a4 Be6 11.f4 Nbd7 12.g4 exf4 13.g5 Ne8
14.Bxf4 Qd8 15.Qd2 Bxb3 16.cxb3 Ne5 17.Nd5 Nc7 18.Nxc7 Qxc7
19.Rac1 Qd8 20.b4 Rc8 21.Rc3 Ng6 22.Be3 Qd7 23.Qd5 Rxc3 24.bxc3 Qxa4
25.Qxb7 Qc2 26.Bxa6 Qxc3 27.Bc1 d5 28.Qxd5 Qxb4 29.Bd2 1/2-1/2

[Event "I. Hungarian E-mail Final"]
[Site "E4EC"]
[Date "2004.01.24"]
[Round "1"]
[White "Fogarasi, Norbert"]
[Black "Kiss, István"]
[Board "1790"]
[TimeControl "10/50"]
[WhiteElo "1800"]
[BlackElo "2207"]
[WhiteCountry "HUN"]
[BlackCountry "HUN"]
[Result "1/2-1/2"]

1.e4 g6 2.d4 Bg7 3.f4 c5 4.d5 d6 5.Nc3 e6 6.Bb5+ Bd7 7.Bxd7+ Qxd7
8.Nge2 Nf6 9.O-O exd5 10.exd5 O-O 11.f5 Na6 12.Bg5 Rae8 13.Qd2 b5
14.Ng3 b4 15.Bxf6 Bxf6 16.Nce4 Qe7 17.Nxf6+ Qxf6 18.fxg6 Qxg6
19.Rf5 f6 20.Raf1 Re5 21.c4 Nc7 22.Qf2 Qf7 23.Rf3 Ne8 24.Nf5 Kh8
25.Re3 Qd7 26.Ng3 Rg8 27.Re4 Rxe4 28.Nxe4 Rg6 29.Ng3 Ng7 30.Qe3 Qg4
31.b3 h6 32.Rf3 Kg8 33.Rf4 Qg5 34.Qe4 Kf7 35.Rf2 a6 36.Qe1 f5
37.Qf1 Rf6 38.Rf3 Kg6 39.Qa1 Rf7 40.a3 a5 41.a4 Re7 42.Qb1 Qd2
43.Kf1 Re3 44.Rxe3 Qxe3 45.Qd1 Kf6 46.Qa1+ Qe5 47.Qd1 Qf4+ 48.Kg1 Qe3+
49.Kf1 1/2-1/2

[Event "I. Hungarian E-mail Final"]
[Site "E4EC"]
[Date "2003.12.17"]
[Round "1"]
[White "Kovács, Arthur"]
[Black "Schulle, József"]
[Board "1791"]
[TimeControl "10/50"]
[WhiteElo "2278"]
[BlackElo "2166"]
[WhiteCountry "HUN"]
[BlackCountry "ROM"]
[Result "1-0"]

1.d4 Nf6 2.Nf3 d5 3.c4 e6 4.Nc3 dxc4 5.e4 Bb4 6.Bg5 b5 7.a4 c6
8.e5 h6 9.exf6 hxg5 10.fxg7 Rg8 11.h4 Rxg7 12.hxg5 Rg8 13.Ne5 Qxg5
14.axb5 Nd7 15.Rh5 Qf4 16.Nxc6 Bxc3+ 17.bxc3 Nf6 18.Re5 Ng4 19.Re2 Bb7
20.g3 Qd6 21.d5 Nh2 22.Bg2 Rxg3 23.fxg3 Qxg3+ 24.Kd2 Bxc6 25.Kc2 Bxb5
26.Be4 Rd8 27.Qh1 Ng4 28.dxe6 Ne3+ 29.Kb2 Ba4 30.exf7+ Kxf7
31.Rg1 Nd1+ 32.Rxd1 Rxd1 33.Bd5+ Rxd5 34.Qxd5+ Kf6 35.Re6+ Kg7
36.Re7+ Kh6 37.Qh1+ Kg5 38.Rg7+ Kf4 39.Qf1+ 1-0

[Event "I. Hungarian E-mail Final"]
[Site "E4EC"]
[Date "2003.12.17"]
[Round "1"]
[White "Kovács, Arthur"]
[Black "Szabó, Zsolt"]
[Board "1792"]
[TimeControl "10/50"]
[WhiteElo "2278"]
[BlackElo "2253"]
[WhiteCountry "HUN"]
[BlackCountry "HUN"]
[Result "0-1"]

1.d4 Nf6 2.Nf3 g6 3.c4 Bg7 4.Nc3 d5 5.Bf4 O-O 6.e3 c5 7.dxc5 Qa5
8.Rc1 dxc4 9.Bxc4 Qxc5 10.Bb3 Qa5 11.O-O Nc6 12.h3 Bf5 13.Qe2 Ne4
14.Nd5 e5 15.Bh2 Be6 16.Rfd1 Rfd8 17.Qc4 Nf6 18.e4 Rac8 19.Qc5 Qxc5
20.Rxc5 Nxe4 21.Rxc6 Rxc6 22.Ne7+ Kf8 23.Nxc6 Rxd1+ 24.Bxd1 bxc6
25.Bc2 f5 26.a3 Ke7 27.Nxe5 Bd5 28.b4 Nc3 29.Bd3 Nb5 30.Bxb5 cxb5
31.Kf1 Ke6 32.f4 g5 33.g3 a6 34.Ke2 Bf6 35.Bg1 gxf4 36.gxf4 Bg2
37.Nd3 Bxh3 38.Nc5+ Kd5 39.Nxa6 Bb2 40.Bc5 Kc4 41.Kf3 Bxa3 42.Kg3 Bg4
43.Be7 h5 44.Bc5 Be2 45.Be7 Bc1 46.Bd6 Bd2 47.Kf2 Bd3 48.Kg3 Be4
49.Kh4 Bf3 50.Kg5 Be1 51.Kxf5 h4 52.Kg5 Bg3 53.Bc5 Bb7 54.Nc7 h3
55.Bg1 h2 56.Bxh2 Bxh2 0-1

[Event "I. Hungarian E-mail Final"]
[Site "E4EC"]
[Date "2003.12.17"]
[Round "1"]
[White "Kovács, Arthur"]
[Black "Száva, Miklós"]
[Board "1793"]
[TimeControl "10/50"]
[WhiteElo "2278"]
[BlackElo "1800"]
[WhiteCountry "HUN"]
[BlackCountry "HUN"]
[Result "1-0"]

1.d4 Nf6 2.c4 g6 3.Nc3 d5 4.Bf4 Bg7 5.e3 c5 6.dxc5 Qa5 7.Rc1 dxc4
8.Bxc4 Qxc5 9.Nb5 Qb4+ 10.Kf1 O-O 11.a3 Qa5 12.b4 Qa6 13.Nc7 Qxa3
14.Nxa8 Nc6 15.Ne2 e5 16.Bg3 Qxb4 17.Nc7 Bf5 18.Qb3 Qd6 19.Nb5 Qe7
20.Rd1 Ne4 21.f3 Nc5 22.Qa3 b6 23.e4 1-0

[Event "I. Hungarian E-mail Final"]
[Site "E4EC"]
[Date "2003.12.17"]
[Round "1"]
[White "Kovács, Arthur"]
[Black "Farkas, Zsolt"]
[Board "1794"]
[TimeControl "10/50"]
[WhiteElo "2278"]
[BlackElo "2356"]
[WhiteCountry "HUN"]
[BlackCountry "HUN"]
[Result "0-1"]

1.d4 f5 2.Nc3 d5 3.Bg5 c6 4.e3 g6 5.h4 Bg7 6.Nf3 Nf6 7.Bd3 Ne4
8.Bf4 Nd7 9.Ne2 e6 10.c3 Qe7 11.Qb3 b6 12.Ne5 Nxe5 13.Bxe5 Bxe5
14.dxe5 Nc5 15.Qc2 a5 16.f4 Nxd3+ 17.Qxd3 Ba6 18.Qc2 Bxe2 19.Qxe2 Qc5
20.O-O-O h5 21.Kb1 b5 22.Rc1 O-O 23.Rhd1 Kg7 24.Rd2 Qe7 25.g3 Rab8
26.Kc2 c5 27.Kd1 c4 28.a3 b4 29.axb4 axb4 30.Ke1 Ra8 31.Kf2 Ra4
32.Rdc2 Rfa8 33.Qe1 Ra2 34.Qe2 Qa7 35.Qe1 Qa4 36.Qe2 Qb3 37.Qd2 Rb8
38.Qe2 Rb6 39.Kf3 Qa4 40.Kf2 Qa8 41.Rd2 Qb7 42.Kg1 bxc3 43.bxc3 Rbb2
44.Rxb2 Rxb2 45.Qf1 Qb3 46.Qe1 Qa2 47.Qf1 Qa3 48.Qe1 Ra2 49.Rb1 Rc2 0-1

[Event "I. Hungarian E-mail Final"]
[Site "E4EC"]
[Date "2003.12.17"]
[Round "1"]
[White "Kovács, Arthur"]
[Black "Laszlo, Imre"]
[Board "1795"]
[TimeControl "10/50"]
[WhiteElo "2278"]
[BlackElo "1800"]
[WhiteCountry "HUN"]
[BlackCountry "HUN"]
[Result "1/2-1/2"]

1.d4 f5 2.Nc3 d5 3.Bg5 Nf6 4.Bxf6 exf6 5.e3 c6 6.Bd3 g6 7.Qf3 Bd6
8.h3 Qe7 9.Nge2 Na6 10.a3 Rf8 11.g4 fxg4 12.hxg4 f5 13.Qh3 Rf7
14.gxf5 Bxf5 15.Bxf5 gxf5 16.O-O-O O-O-O 17.Qf3 Nc7 18.Nf4 Bxf4
19.Qxf4 Ne6 20.Qe5 Re8 21.Rh6 Qd7 22.Qh2 Qc7 23.Qh3 Ng5 24.Qh5 Qe7
25.Rh1 Rg8 26.Rg1 Rfg7 27.Ne2 Kb8 28.Kb1 Ne4 29.Qh2+ Qc7 30.Rxg7 Rxg7
31.Nf4 a6 32.Ka2 Ka7 33.f3 Ng5 34.Qf2 1/2-1/2

[Event "I. Hungarian E-mail Final"]
[Site "E4EC"]
[Date "2003.12.17"]
[Round "1"]
[White "Kovács, Arthur"]
[Black "Kerekes, Jozsef"]
[Board "1796"]
[TimeControl "10/50"]
[WhiteElo "2278"]
[BlackElo "2282"]
[WhiteCountry "HUN"]
[BlackCountry "YUG"]
[Result "1/2-1/2"]

1.d4 Nf6 2.Nf3 g6 3.c4 Bg7 4.Nc3 d5 5.Bf4 O-O 6.e3 c5 7.dxc5 Qa5
8.Rc1 dxc4 9.Bxc4 Qxc5 10.Bb3 Qa5 11.O-O Na6 12.Qd2 Rd8 13.Qe2 Bg4
14.h3 Bxf3 15.Qxf3 Nc5 16.Bc4 Qb4 17.Qe2 Nfe4 18.a3 Nxc3 19.Rxc3 Qb6
20.Rc2 e6 21.Rfc1 Nb3 22.Bxb3 Qxb3 23.e4 h6 24.Rc7 a6 25.e5 Rd4
26.Be3 Rd5 27.f4 Rad8 28.R1c3 Rd1+ 29.Kf2 Qd5 30.Qc4 Qxc4
31.R3xc4 R1d7 32.Kf3 f6 33.exf6 Bxf6 34.b4 Rxc7 35.Rxc7 Rd3
36.Rxb7 Rxa3 37.Ke4 Rc3 38.Rb6 Kf7 39.Rb7+ 1/2-1/2

[Event "I. Hungarian E-mail Final"]
[Site "E4EC"]
[Date "2003.12.17"]
[Round "1"]
[White "Kovács, Arthur"]
[Black "Darvasi, Ferenc"]
[Board "1797"]
[TimeControl "10/50"]
[WhiteElo "2278"]
[BlackElo "2315"]
[WhiteCountry "HUN"]
[BlackCountry "HUN"]
[Result "1-0"]

1.d4 Nf6 2.c4 g6 3.Nc3 d5 4.Nf3 Bg7 5.Bf4 O-O 6.e3 c5 7.dxc5 Ne4
8.Rc1 Nxc3 9.bxc3 dxc4 10.Qxd8 Rxd8 11.Bxc4 Nd7 12.Rd1 Bxc3+
13.Ke2 Ba5 14.Ng5 e6 15.Ne4 Kg7 16.Bd6 h6 17.Rd3 f5 18.Nd2 Nf6
19.Rb1 Ne8 20.Be5+ Kf8 21.Bb5 Rxd3 22.Kxd3 Bc7 23.Nc4 Bxe5 24.Nxe5 g5
25.Kd4 Nc7 26.Bc4 Ke7 27.f4 Kf6 28.g3 b6 29.cxb6 Rb8 30.Kc5 Na8
31.Rd1 axb6+ 32.Kb4 Rb7 33.Rd8 Rc7 34.Rg8 Ke7 35.h3 Kd6 36.Rd8+ Ke7
37.Rh8 1-0

[Event "I. Hungarian E-mail Final"]
[Site "E4EC"]
[Date "2003.12.15"]
[Round "1"]
[White "Szabó, Zsolt"]
[Black "Fenyvesi, Miklós"]
[Board "1798"]
[TimeControl "10/50"]
[WhiteElo "2253"]
[BlackElo "1800"]
[WhiteCountry "HUN"]
[BlackCountry "HUN"]
[Result "1/2-1/2"]

1.d4 Nf6 2.c4 g6 3.Nc3 Bg7 4.e4 d6 5.f3 O-O 6.Be3 Nc6 7.Nge2 a6
8.Qd2 Rb8 9.h4 h5 10.O-O-O b5 11.Nf4 bxc4 12.Bxc4 e5 13.dxe5 Nxe5
14.Bb3 Qe8 15.Kb1 a5 16.Bd4 Nfd7 17.Na4 Bb7 18.Nd5 c5 19.Bc3 Bxd5
20.Bxd5 Nf6 21.Bb3 c4 22.Bc2 Nd3 23.Rhg1 Qc6 24.Ka1 Rfc8 25.g4 hxg4
26.h5 Nxh5 27.Bxg7 Kxg7 28.Rxg4 d5 29.Rh1 Rh8 30.exd5 Qxd5 31.Qc3+ Nf6
32.Rf1 Qe5 33.Rxc4 Qxc3 34.Rxc3 Nf4 35.Rc5 Rh5 36.Bb3 Re8 37.Kb1 Re2
38.Rd1 Rxc5 39.Nxc5 Rf2 40.Nb7 Rxf3 41.Nxa5 Ng4 42.Nc4 Nd3 43.Bc2 Nb4 1/2-1/2